 Dungeon Crawl Stone Soup version 0.26.1-2-gb8aa6d0cf2 (webtiles) character file.

Game seed: 7552976275972767063

21 ubername the Chiller (level 2, -4/19 HPs)
             Began as a Demonspawn Ice Elementalist on Mar 17, 2021.
             Slain by a gnoll
             ... wielding a cursed -3 spear
              (11 damage)
             ... on level 1 of the Dungeon.
             The game lasted 00:02:02 (1334 turns).

ubername the Chiller (Demonspawn Ice Elementalist)  Turns: 1334, Time: 00:02:03

Health: -4/19      AC:  2    Str:  8    XL:     2   Next: 65%
Magic:  2/5        EV: 12    Int: 16    God:
Gold:   64         SH:  0    Dex: 13    Spells: 4/5 levels left

rFire    . . .     SeeInvis .   c - +0 club
rCold    . . .     Faith    .   (no shield)
rNeg     . . .     Spirit   .   a - +0 robe
rPois    .         Reflect  .   (no helmet)
rElec    .         Harm     .   (no cloak)
rCorr    .         Rampage  .   (no gloves)
Will     .....                  (no boots)
Stlth    ++........             (no amulet)
HPRegen  0.06/turn              (no ring)
MPRegen  0.09/turn              (no ring)

@: no status effects
A: hooves 1
a: no special abilities


You were on level 1 of the Dungeon.
You visited 1 branch of the dungeon, and saw 1 of its levels.

You collected 64 gold pieces.

Inventory:

Hand Weapons
 b - a -3 spear
 c - a +0 club (weapon)
Missiles
 j - 21 stones
Armour
 a - a +0 robe (worn)
Scrolls
 d - a scroll of magic mapping {unknown}
 f - 3 scrolls of identify {unknown}
 h - 2 scrolls of immolation {unknown}
 i - a scroll of blinking {unknown}
 k - a scroll of random uselessness {unknown}
Potions
 e - 2 potions of haste {unknown}
 g - a potion of heal wounds {unknown}
 l - a potion of magic {unknown}


   Skills:
 + Level 0.1 Fighting
 + Level 2.0 Dodging
 + Level 1.8 Stealth
 + Level 2.1 Spellcasting
 + Level 4.1 Ice Magic


You had 4 spell levels left.
You knew the following spells:

 Your Spells              Type           Power        Failure   Level
a - Freeze                Ice            56%          3%          1

Your spell library contained the following spells:

 Spells                   Type           Power        Failure   Level
 Frozen Ramparts          Ice            28%          11%         3
 Ozocubu's Armour         Ice            14%          11%         3
 Hailstorm                Conj/Ice       8%           65%         4
 Summon Ice Beast         Ice/Summ       8%           65%         4


Dungeon Overview and Level Annotations

Branches:
Dungeon (1/15)

Altars:


Innate Abilities, Weirdness & Mutations

You have large cloven feet.


Message History

Aim: a gnoll, wielding a -3 spear (moderately wounded)
You freeze the gnoll.
The gnoll is moderately wounded.
The gnoll hits you with a cursed -3 spear.
The hobgoblin hits you with a +0 club.
Casting: Freeze (safe; 3% risk of failure)
Confirm with . or Enter, or press ? or * to list all spells.
Aiming: Freeze (safe; 3% risk of failure)
Press: ? - help, Shift-Dir - straight line, f/p - gnoll
Aim: a gnoll, wielding a -3 spear (moderately wounded)
You freeze the gnoll.
The gnoll is heavily wounded.
The gnoll hits you with a cursed -3 spear.
The hobgoblin hits you but does no damage.
You hit the gnoll but do no damage. You kick the gnoll, but do no damage.
The gnoll is heavily wounded.
The gnoll hits you but does no damage. The hobgoblin barely misses you.
The gnoll hits you with a cursed -3 spear!
Ouch! That really hurt!
You die...

...#####..#######.## #.#
.....†.†..# #.## #.#
>..######.# #..# #.########
...# #.#
######.#####......... )#.#
#.# #... ...........#####
.#.# #.###.###...........#
.#.######.#.....#..######..##
.#......).#.###.#g.#
#..###### .###........#
#.@..# #........ .#
#.######.# #.#g## #..######
## #............#.# #......[.
#.########.###.# #..#####.
#.# #.# .. #..###### #.######
# # #. #...... #......# .#
#.....# #.####.# .# #.##..#
#.# ##.## # .##...###


You could see a gnoll and a hobgoblin.

Vanquished Creatures
  A leopard gecko (D:1)
  3 hobgoblins (D:1)
  2 jackals (D:1)
  2 kobolds (D:1)
  A ball python (D:1)
  2 bats (D:1)
  3 frilled lizards (D:1)
  3 goblins (D:1)
  3 rats (D:1)
20 creatures vanquished.

Notes
Turn   | Place    | Note
-------+----------+-------------------------------------------
     0 | D:1      | ubername the Demonspawn Ice Elementalist began the quest
                  | for the Orb.
     0 | D:1      | Reached XP level 1. HP: 13/13 MP: 3/3
   847 | D:1      | Gained mutation: You have large cloven feet. [demonic
                  | ancestry]
   847 | D:1      | Reached XP level 2. HP: 19/19 MP: 1/5
   962 | D:1      | Reached skill level 4 in Ice Magic
  1334 | D:1      | Slain by a gnoll

Illustrated notes

Levels and vault maps discovered:
D:1:      psy_arrival_spokes, layout_loops_ring

Skill      XL: |  1  2 |
---------------+-------+-----
Dodging        | 2 |  2.0
Ice Magic      | 4 |  4.1
Fighting       | |  0.1
Stealth        | |  1.8
Spellcasting   | |  2.1

Action                   || total
-------------------------++-------
Melee: Club              ||    23
       Spear             ||    11
       Kick              ||     3
 Cast: Freeze            ||    20
  Use: Scroll            ||     1
Armor: Robe              ||     5
Dodge: Dodged            ||    29
